 Dungeon Crawl Stone Soup version 0.31.0-9-g3a7656b989 (webtiles) character file.

Game seed: 16644426993228942807

2378 freelancePsychic the Skirmisher (level 9, -1/55 HPs)
             Began as a Deep Elf Gladiator on Jan 24, 2024.
             Was a Priest of Wu Jian.
             Slain by a wraith (7 damage)
             ... on level 7 of the Dungeon.
             The game lasted 00:12:58 (7300 turns).

freelancePsychic the Skirmisher (DEGl)              Turns: 7300, Time: 00:12:59

Health: -1/55      AC:  4    Str:  8 (11) XL:     9   Next: 21%
Magic:  11/11      EV: 13    Int: 12 (14) God:    Wu Jian [***...]
Gold:   314        SH:  0    Dex: 17 (20) Spells: 8/8 levels left

rFire   . . .        l - +1 short sword (drain)
rCold   . . .        (no shield)
rNeg    . . .        b - +0 leather armour
rPois   .            c - +0 helmet
rElec   .            p - scarf {shadows}
rCorr   .            (no gloves)
SInv    .            (no boots)
Will    .....        (no amulet)
Stlth   ++++         (no ring)
HPRegen 0.29/turn    (no ring)
MPRegen 0.12/turn

%: no passive effects
@: exhausted, slowed, very slow
A: no striking features
a: Renounce Religion, Wall Jump, Serpent's Lash


You were on level 7 of the Dungeon.
You worshipped Wu Jian.
Wu Jian was most pleased with you.
You visited 1 branch of the dungeon, and saw 7 of its levels.
You also visited: Ossuary.

You collected 347 gold pieces.
You spent 33 gold pieces at shops.

Inventory:

Hand Weapons
 a - a +0 rapier
 l - a +1 short sword of draining (weapon)
Missiles
 d - a throwing net
Armour
 b - a +0 leather armour (worn)
 c - a +0 helmet (worn)
 i - a scarf of invisibility
 p - a scarf of shadows (worn)
 x - +0 pearl dragon scales
Jewellery
 t - a +6 ring of strength
 u - a ring of resist corrosion
Wands
 k - a wand of digging (4)
 r - a wand of roots (11)
Scrolls
 j - a scroll of amnesia
 n - 6 scrolls of identify {@r1}
 q - a scroll of revelation
Potions
 f - 2 potions of brilliance
 g - 5 potions of attraction


   Skills:
 + Level 6.2 Fighting
 - Level 3.8 Short Blades
 + Level 8.5 Ranged Weapons
 - Level 2.0 Throwing
 - Level 3.6 Dodging
 - Level 7.9 Stealth
 + Level 3.7 Evocations


You had 8 spell levels left.
You didn't know any spells.
Your spell library contained the following spells:

 Spells                   Type           Power      Damage    Failure   Level
 Summon Small Mammal      Summ           0%         N/A       43%         1
 Call Canine Familiar     Summ           0%         N/A       82%         3
 Summon Blazeheart Golem  Fire/Summ      0%         N/A       99%         4
 Iskenderun's Battlesphe  Conj           0%         2d6       100%        5
 Bombard                  Conj/Erth      0%         9d1       100%        6
 Spellforged Servitor     Conj/Summ      0%         N/A       100%        7


Dungeon Overview and Level Annotations

Branches:
Dungeon (7/15)             Temple (0/1) D:6         Ossuary (visited)

Altars:
Kikubaaqudgha
Trog
Wu Jian

Shops:
D:1 ?   D:3 !(?:[   D:4 *   D:6 =

Annotations:
D:4 Dowan, Duvessa


Message History

The wraith closely misses you. The wraith hits you!
* * * LOW HITPOINT WARNING * * *
The wraith drains your vigour!
You feel as though you will be slow longer.
As you read the scroll labelled WOAHEIL EC LET, it crumbles to dust.
It is a scroll of enchant weapon.
Your +0 short sword of draining glows red for a moment.
The wraith hits you but does no damage.
Your muscles tense, ready for explosive movement...
You lunge with incredible momentum at the wraith.
You hit the wraith but do no damage.
The wraith is heavily damaged.
Your supernatural speed expires.
You closely miss the wraith.
The wraith is heavily damaged.
The wraith barely misses you. The wraith closely misses you.
You hit the wraith but do no damage.
The wraith is heavily damaged.
The wraith closely misses you.
Throw: 2 throwing nets
Press: ? - help, Q - select action, (/) - cycle Shift-Dir - straight line, f/p - wraith
Aim: a wraith (heavily damaged, 62% to hit, immune to nets)
You throw a throwing net. The throwing net hits the wraith.
The net passes right through the wraith!
The wraith is heavily damaged.
The wraith hits you but does no damage.
Throw: throwing net
Press: ? - help, Q - select action, (/) - cycle Shift-Dir - straight line, f/p - wraith
Aim: a wraith (heavily damaged, 62% to hit, immune to nets)
Okay, then.
Throw: javelin
Press: ? - help, Q - select action, (/) - cycle Shift-Dir - straight line, f/p - wraith
Aim: a wraith (heavily damaged, 62% to hit)
You throw a javelin.
The javelin hits the wraith and shatters, but does no damage.
The wraith is heavily damaged.
The wraith hits you.
* * * LOW HITPOINT WARNING * * *
The wraith hits you!
You die...

..###### ###
........ .. #
..##..... #.#.
........ ..# #
........ # #.#.#
#.##.... #.##.#.#
.....### #......#
..##.# ####W###
.....# #@# ###..#
#.# .....##### #.#
.........#######.#
###.####...[.....#
...# ###########
#####


You could see a wraith.

Vanquished Creatures
  A manticore (D:6)
  2 ice beasts
  An ogre (D:5)
  A weeping skull (Ossuary)
  A phantom (D:6)
  2 bullfrogs (D:6)
  3 scorpions
  9 wights (D:6)
  2 centaur zombies (Ossuary)
  5 hounds
  2 bombardier beetles
  A human zombie (Ossuary)
  An orc priest (D:6)
  2 iguanas
  A sleepcap (D:5)
  4 orc wizards
  2 crocodile zombies (Ossuary)
  A hound zombie (Ossuary)
  2 mummies (Ossuary)
  Robin (D:4)
  2 gnolls (D:5)
  4 adders
  A shadow imp (D:6)
  2 white imps
  2 ufetubi (D:6)
  5 adder zombies (Ossuary)
  3 dart slugs
  A ribbon worm (D:3)
  11 orcs
  5 ball pythons
  6 endoplasms
  14 goblins
  6 hobgoblins
  3 jackals (D:4)
  2 quokkas
  6 ball python zombies (Ossuary)
  5 bats
  3 frilled lizards
  3 gnoll zombies (Ossuary)
  3 jackal zombies (Ossuary)
  10 kobolds
  5 kobold zombies (Ossuary)
  3 orc zombies (Ossuary)
  A rat (D:2)
150 creatures vanquished.

Vanquished Creatures (others)
  An orc wizard (D:5)
1 creature vanquished.

Grand Total: 151 creatures vanquished

Notes
Turn   | Place    | Note
-------+----------+-------------------------------------------
     0 | D:1      | freelancePsychic the Deep Elf Gladiator began the quest for
                  | the Orb.
     0 | D:1      | Reached XP level 1. HP: 12/12 MP: 3/3
    97 | D:1      | Reached skill level 1 in Stealth
   140 | D:1      | Reached XP level 2. HP: 12/17 MP: 4/4
   270 | D:1      | Found Xaxisoj's Magic Scroll Boutique.
   717 | D:2      | Found a faded altar of an unknown god.
   727 | D:2      | Prayed at the altar of an unknown god.
   727 | D:2      | Became a worshipper of the Wu Jian Council
   727 | D:2      | Reached * piety under Wu Jian
  1137 | D:3      | Noticed a scorpion
  1148 | D:3      | Killed a scorpion
  1149 | D:3      | Reached XP level 3. HP: 15/22 MP: 5/5
  1149 | D:3      | Reached XP level 4. HP: 19/27 MP: 6/6
  1256 | D:3      | Found Anisudox's Distillery.
  1266 | D:3      | Bought a potion of curing for 33 gold pieces
  1414 | D:3      | Found Ohaeps Dewuc's Antique Armour Emporium.
  1444 | D:3      | Found Nixuish's Book Shop.
  1490 | D:3      | Found Guff's Magic Scroll Shoppe.
  1493 | D:3      | Found Cagul's Weapon Shop.
  1793 | D:4      | Noticed Duvessa
  1834 | D:4      | Reached skill level 1 in Ranged Weapons
  1865 | D:4      | Reached XP level 5. HP: 32/32 MP: 7/7
  1975 | D:4      | Noticed Robin
  1992 | D:4      | Reached ** piety under Wu Jian
  2024 | D:4      | Killed Robin
  2131 | D:4      | Reached skill level 2 in Ranged Weapons
  2167 | D:4      | Found a bloodstained altar of Trog.
  2313 | D:4      | Found Qaubutz's Overcharged Wands.
  2635 | D:4      | Noticed Dowan
  3155 | D:5      | Entered Level 5 of the Dungeon
  3155 | D:5      | Noticed an ice beast
  3365 | D:5      | Reached XP level 6. HP: 37/37 MP: 8/8
  3369 | D:5      | Found a sand-covered staircase.
  3374 | Ossuary  | Entered an ossuary
  3439 | Ossuary  | Reached skill level 3 in Ranged Weapons
  3478 | Ossuary  | HP: 1/37 [centaur zombie (4)]
  3487 | Ossuary  | Reached skill level 5 in Stealth
  3488 | Ossuary  | HP: 1/57 [ball python zombie (2)]
  3810 | Ossuary  | Reached skill level 4 in Ranged Weapons
  3999 | Ossuary  | Reached XP level 7. HP: 21/42 MP: 9/9
  4940 | D:5      | Identified the +10 war axe "Demonbane" {freeze, Dex+3}
  5020 | D:5      | Reached *** piety under Wu Jian
  5054 | D:5      | Reached skill level 5 in Ranged Weapons
  5486 | D:5      | Reached skill level 6 in Ranged Weapons
  5486 | D:5      | Reached XP level 8. HP: 46/48 MP: 10/10
  5760 | D:6      | Found a staircase to the Ecumenical Temple.
  5766 | D:6      | Noticed a manticore
  6089 | D:6      | Reached skill level 5 in Fighting
  6250 | D:6      | Reached skill level 7 in Ranged Weapons
  6447 | D:6      | Reached skill level 1 in Evocations
  6448 | D:6      | Found an ancient bone altar of Kikubaaqudgha.
  6504 | D:6      | Reached **** piety under Wu Jian
  6623 | D:6      | Reached skill level 8 in Ranged Weapons
  6623 | D:6      | Reached XP level 9. HP: 55/55 MP: 11/11
  6812 | D:6      | Killed a manticore
  7141 | D:6      | Found Ehial's Jewellery Shoppe.
  7300 | D:7      | Slain by a wraith

Illustrated notes

Levels and vault maps discovered:
D:1:      scummos_arrival_star, layout_rooms, serial_shops,
          nicolae_diamond_shop, dreamdust_princess_corridor
D:2:      layout_basic, basic_ecumenical_altar
D:3:      layout_rooms, serial_shops, nicolae_lakefront_shop, shop,
          nicolae_shop_window_shopping, shop, nicolae_shop_tiny_statue_garden,
          minmay_misc_feat_alley, st_stairs_13, nicolae_figureground_sparkle
D:4:      nicolae_cairo_tiling_large, layout_basic,
          mainiacjoe_overflow_surrounded_room, nicolae_shop_overcharged_wands,
          uniq_duvessa, uniq_robin
D:5:      layout_basic, enter_ossuary_2
D:6:      layout_basic, kiku_gazebo_garden_becter,
          minmay_temple_entry_statues_pillars, serial_shops, kennysheep_mini,
          st_stairs_4
D:7:      layout_loops_cross, kennysheep_okawaru_gauntlet, fedhas_altar_4,
          uniq_menkaure

Skill      XL: |  1  2  3  4  5  6  7  8  9 |
---------------+----------------------------+-----
Stealth        | 1 2 3 4 5 6 7 |  7.9
Fighting       | 2 3 4 5 6 |  6.2
Ranged Weapons | 1 2 4 6 8 |  8.5
Evocations     | 2 3 |  3.7
Short Blades   | |  3.8
Throwing       | |  2.0
Dodging        | |  3.6

Action                     |  1- 3 |  4- 6 |  7- 9 || total
---------------------------+-------+-------+-------++-------
  Melee: Rapier            |    60 |       |       ||    60
         Short sword       |    15 |   273 |   261 ||   549
         Punch             |       |     2 |     4 ||     6
         Unarmed           |       |    55 |       ||    55
  Throw: Throwing net      |     1 |       |     2 ||     3
         Javelin           |       |       |     1 ||     1
 Invoke: Serpent's Lash    |       |       |     1 ||     1
Ability: Lunge             |     3 |    14 |    19 ||    36
         Whirlwind         |     1 |     5 |     2 ||     8
  Evoke: Wand              |       |       |    12 ||    12
    Use: Scroll            |     2 |     5 |     4 ||    11
         Potion            |       |     6 |     4 ||    10
   Stab: Sleeping          |     4 |     7 |     8 ||    19
         Invisible         |       |       |     4 ||     4
         Held in net/web   |       |       |     1 ||     1
         Distracted        |       |       |     2 ||     2
 Armour: Leather armour    |    34 |   130 |   116 ||   280
         Skin              |       |   190 |       ||   190
  Dodge: Dodged            |    52 |   176 |   122 ||   350
